PCL
GRESHAM GOLD SOULS @ VANCOUVER VIPERS
05/27/2028
 
TOP OF THE 1ST
Gresham Gold Souls batting - Pitching for Vancouver Vipers : RHP Javier Toledo
Pitching: RHP Javier Toledo
Batting: LHB Ezechiele Bruno 0-0: Foul Ball, location: 2F
0-1: Bunted foul
0-2: Foul Ball, location: 2F
0-2: Ground out U3 (Groundball, 34)
Batting: RHB Pablo Castillo 0-0: Called Strike
0-1: Foul Ball, location: 2F
0-2: SINGLE (Groundball, 6MD)
Batting: RHB Peter Hensley 0-0: Grounds into double play, 6-4-3 (Groundball, 6)
Top of the 1st over - 0 run(s), 1 hit(s), 0 error(s), 0 left on base; Gresham 0 - Vancouver 0
BOTTOM OF THE 1ST
Vancouver Vipers batting - Pitching for Gresham Gold Souls : RHP Arturo Martínez
Pitching: RHP Arturo Martínez
Batting: RHB Quincy Vance 0-0: Ball
1-0: Foul Ball, location: 2F
1-1: Fly out, F6 (Line Drive, 6M)
Batting: RHB Sergio Pujols 0-0: Ball
1-0: Ball
2-0: Called Strike
2-1: Ball
3-1: Fly out, F9 (Flyball, 89D)
Batting: RHB Daniel Robert 0-0: Foul Ball, location: 2F
0-1: Called Strike
0-2: Ball
1-2: Ground out 5-3 (Groundball, 56)
Bottom of the 1st over - 0 run(s), 0 hit(s), 0 error(s), 0 left on base; Gresham 0 - Vancouver 0
TOP OF THE 2ND
Gresham Gold Souls batting - Pitching for Vancouver Vipers : RHP Javier Toledo
Batting: RHB Mario Méndez 0-0: DOUBLE (Flyball, 8RD)
Batting: LHB Millard Dye 0-0: Swinging Strike
0-1: Called Strike
0-2: Ball
1-2: Strikes out looking
Batting: RHB Matt Davidson 0-0: Fly out, F9 (Flyball, 9LS)
Batting: RHB Elpidio Martinho 0-0: Ball
1-0: Foul Ball, location: 2F
1-1: Foul Ball, location: 2F
1-2: Ball
2-2: Ground out 4-3 (Groundball, 34D)
Top of the 2nd over - 0 run(s), 1 hit(s), 0 error(s), 1 left on base; Gresham 0 - Vancouver 0
BOTTOM OF THE 2ND
Vancouver Vipers batting - Pitching for Gresham Gold Souls : RHP Arturo Martínez
Batting: RHB Lorenzo González 0-0: Called Strike
0-1: Foul Ball, location: 2F
0-2: Foul Ball, location: 2F
0-2: Ball
1-2: Foul Ball, location: 2F
1-2: Ball
2-2: Foul Ball, location: 2F
2-2: Ball
3-2: Fly out, F9 (Flyball, 9LSF)
Batting: RHB Steve Bender 0-0: Ball
1-0: Swinging Strike
1-1: Foul Ball, location: 2F
1-2: Foul Ball, location: 2F
1-2: Fly out, F7 (Flyball, 7)
Batting: SHB Henry Copeland 0-0: Called Strike
0-1: Foul Ball, location: 2F
0-2: Ball
1-2: Ball
2-2: Foul Ball, location: 2F
2-2: SINGLE (Groundball, 6D)
Batting: RHB Walton Smith 0-0: Ball
1-0: SINGLE (Flyball, 9LS)
Henry Copeland to second
Runner from 2nd tries for 3rd, SAFE, throw made to third
Batting: LHB Brian Ford 0-0: Ball
1-0: Ball
2-0: Swinging Strike
2-1: Foul Ball, location: 2F
2-2: Strikes out swinging
Bottom of the 2nd over - 0 run(s), 2 hit(s), 0 error(s), 2 left on base; Gresham 0 - Vancouver 0
TOP OF THE 3RD
Gresham Gold Souls batting - Pitching for Vancouver Vipers : RHP Javier Toledo
Batting: RHB Brian Dixon 0-0: Swinging Strike
0-1: Called Strike
0-2: Foul Ball, location: 2F
0-2: Ball
1-2: Ball
2-2: Foul Ball, location: 2F
2-2: SINGLE (Flyball, 9LM) - OUT at second base trying to stretch hit.
Batting: RHB Gustavo Pagán 0-0: Ball
1-0: Called Strike
1-1: Ground out 6-3 (Groundball, 6)
Batting: LHB Ezechiele Bruno 0-0: Swinging Strike
0-1: Ball
1-1: SOLO HOME RUN (Line Drive, 9LD), Distance : 381 ft
Batting: RHB Pablo Castillo 0-0: Swinging Strike
0-1: Ball
1-1: SINGLE (Line Drive, 6D)
Batting: RHB Peter Hensley 0-0: Called Strike
0-1: Ball
1-1: Fly out, F9 (Flyball, 9LS)
Top of the 3rd over - 1 run(s), 3 hit(s), 0 error(s), 1 left on base; Gresham 1 - Vancouver 0
BOTTOM OF THE 3RD
Vancouver Vipers batting - Pitching for Gresham Gold Souls : RHP Arturo Martínez
Batting: RHB David Canseco 0-0: Called Strike
0-1: Ball
1-1: Swinging Strike
1-2: Ball
2-2: Ball
3-2: Strikes out swinging
Batting: RHB Quincy Vance 0-0: Fly out, F7 (Line Drive, 7D)
Batting: RHB Sergio Pujols 0-0: Ball
1-0: Swinging Strike
1-1: Foul Ball, location: 2F
1-2: Foul Ball, location: 2F
1-2: Ground out 5-3 (Groundball, 56S)
Bottom of the 3rd over - 0 run(s), 0 hit(s), 0 error(s), 0 left on base; Gresham 1 - Vancouver 0
TOP OF THE 4TH
Gresham Gold Souls batting - Pitching for Vancouver Vipers : RHP Javier Toledo
Batting: RHB Mario Méndez 0-0: Called Strike
0-1: Ball
1-1: Fly out, F9 (Flyball, 9S)
Batting: LHB Millard Dye 0-0: Ball
1-0: Ball
2-0: Swinging Strike
2-1: Called Strike
2-2: Strikes out swinging
Batting: RHB Matt Davidson 0-0: Foul Ball, location: 2F
0-1: Foul Ball, location: 2F
0-2: Ball
1-2: Ball
2-2: Ball
3-2: Fly out, F9 (Flyball, 89M)
Top of the 4th over - 0 run(s), 0 hit(s), 0 error(s), 0 left on base; Gresham 1 - Vancouver 0
BOTTOM OF THE 4TH
Vancouver Vipers batting - Pitching for Gresham Gold Souls : RHP Arturo Martínez
Batting: RHB Daniel Robert 0-0: Called Strike
0-1: Ball
1-1: Swinging Strike
1-2: Foul Ball, location: 2F
1-2: Ball
2-2: Foul Ball, location: 2F
2-2: Foul Ball, location: 2F
2-2: Foul Ball, location: 2F
2-2: Ball
3-2: Strikes out swinging
Batting: RHB Lorenzo González 0-0: Called Strike
0-1: Ball
1-1: Foul Ball, location: 2F
1-2: Fly out, F4 (Popup, 3D)
Batting: RHB Steve Bender 0-0: Fly out, F9 (Flyball, 9LS)
Bottom of the 4th over - 0 run(s), 0 hit(s), 0 error(s), 0 left on base; Gresham 1 - Vancouver 0
TOP OF THE 5TH
Gresham Gold Souls batting - Pitching for Vancouver Vipers : RHP Javier Toledo
Batting: RHB Elpidio Martinho 0-0: Ball
1-0: Ground out 3-1 (Groundball, 34S)
Batting: RHB Brian Dixon 0-0: SINGLE (Groundball, 6MD)
Batting: RHB Gustavo Pagán 0-0: DOUBLE (Groundball, 5L)
Brian Dixon to third
Batting: LHB Ezechiele Bruno 0-0: DOUBLE (Flyball, 89XD)
Brian Dixon scores
Gustavo Pagán scores
Batting: RHB Pablo Castillo 0-0: Ball
1-0: Fly out, F7 (Flyball, 7)
Batting: RHB Peter Hensley 0-0: Ground out 6-3 (Groundball, 6)
Top of the 5th over - 2 run(s), 3 hit(s), 0 error(s), 1 left on base; Gresham 3 - Vancouver 0
BOTTOM OF THE 5TH
Vancouver Vipers batting - Pitching for Gresham Gold Souls : RHP Arturo Martínez
Batting: SHB Henry Copeland 0-0: Ball
1-0: SOLO HOME RUN (Flyball, 9LD), Distance : 357 ft
Batting: RHB Walton Smith 0-0: Ground out 5-3 (Groundball, 56)
Batting: LHB Brian Ford 0-0: Ball
1-0: Called Strike
1-1: Foul Ball, location: 2F
1-2: Ground out 3-1 (Groundball, 34)
Batting: RHB David Canseco 0-0: Called Strike
0-1: Ball
1-1: Foul Ball, location: 2F
1-2: SINGLE (Line Drive, 5D)
Batting: RHB Quincy Vance 0-0: Called Strike
David Canseco steals 2nd base
0-1: Ground out 5-3 (Groundball, 56)
Bottom of the 5th over - 1 run(s), 2 hit(s), 0 error(s), 1 left on base; Gresham 3 - Vancouver 1
TOP OF THE 6TH
Gresham Gold Souls batting - Pitching for Vancouver Vipers : RHP Javier Toledo
Batting: RHB Mario Méndez 0-0: Swinging Strike
0-1: Ball
1-1: Fly out, F7 (Flyball, 7D)
Batting: LHB Millard Dye 0-0: Ball
1-0: Called Strike
1-1: Called Strike
1-2: Ball
2-2: Foul Ball, location: 2F
2-2: Foul Ball, location: 2F
2-2: Foul Ball, location: 2F
2-2: Ball
3-2: SOLO HOME RUN (Flyball, 9D), Distance : 366 ft
Batting: RHB Matt Davidson 0-0: Swinging Strike
0-1: Ball
1-1: Ball
2-1: Reached on error, E6 (Groundball, 6)
Batting: RHB Elpidio Martinho 0-0: Called Strike
0-1: 2-RUN HOME RUN (Flyball, 78XD), Distance : 428 ft
Pitching: RHP José González
Batting: RHB Brian Dixon 0-0: Called Strike
0-1: Ball
1-1: Ball
2-1: Foul Ball, location: 2F
2-2: Strikes out looking
Batting: RHB Gustavo Pagán 0-0: Called Strike
0-1: Foul Ball, location: 2F
0-2: Ball
1-2: Ball
2-2: Ground out 6-3 (Groundball, 6)
Top of the 6th over - 3 run(s), 2 hit(s), 1 error(s), 0 left on base; Gresham 6 - Vancouver 1
BOTTOM OF THE 6TH
Vancouver Vipers batting - Pitching for Gresham Gold Souls : RHP Arturo Martínez
Batting: RHB Sergio Pujols 0-0: Foul Ball, location: 2F
0-1: Ball
1-1: Ball
2-1: Ground out 6-3 (Groundball, 6)
Batting: RHB Daniel Robert 0-0: Ball
1-0: Called Strike
1-1: Ball
2-1: Foul Ball, location: 2F
2-2: Strikes out looking
Batting: RHB Lorenzo González 0-0: Called Strike
0-1: Ball
1-1: Ball
2-1: Swinging Strike
2-2: Ball
3-2: Base on Balls
Pitching: RHP Clark Noble
Batting: RHB Steve Bender 0-0: Called Strike
0-1: SINGLE (Groundball, 34D)
Lorenzo González to second
Runner from 2nd tries for 3rd, SAFE, throw made to third
Pinch Runner at 3rd Marvin Workman:
Batting: SHB Henry Copeland 0-0: Ball
1-0: SINGLE (Flyball, 6MD)
Marvin Workman scores
Steve Bender to second
Runner from 2nd tries for 3rd, SAFE, throw made to third
Batting: RHB Walton Smith 0-0: Ball
1-0: Ball
2-0: Ball
3-0: Called Strike
3-1: Called Strike
3-2: Base on Balls
Henry Copeland to second
Batting: LHB Brian Ford 0-0: Ball
1-0: Fielders Choice at 2nd, 4-6 (Groundball, 4)
Bottom of the 6th over - 1 run(s), 2 hit(s), 0 error(s), 2 left on base; Gresham 6 - Vancouver 2
TOP OF THE 7TH
Gresham Gold Souls batting - Pitching for Vancouver Vipers : RHP José González
Batting: LHB Ezechiele Bruno 0-0: Ball
1-0: Swinging Strike
1-1: Foul Ball, location: 2F
1-2: Reached on error, E9 (Flyball, 9D)
Batting: RHB Pablo Castillo 0-0: Ball
1-0: Ground out 1-3 (Groundball, 13S)
Ezechiele Bruno to third
Batting: RHB Peter Hensley 0-0: Fly out, F8 (Flyball, 8RD)
Runner from 3rd tags up, SCORES, no throw
Batting: RHB Mario Méndez 0-0: Ball
1-0: Ball
2-0: Ball
3-0: Called Strike
3-1: Swinging Strike
3-2: Foul Ball, location: 2F
3-2: Base on Balls
Batting: LHB Millard Dye 0-0: SINGLE (Line Drive, 89M)
Mario Méndez to second
Batting: RHB Matt Davidson 0-0: Foul Ball, location: 2F
0-1: Called Strike
0-2: Strikes out swinging
Top of the 7th over - 1 run(s), 1 hit(s), 1 error(s), 2 left on base; Gresham 7 - Vancouver 2
BOTTOM OF THE 7TH
Vancouver Vipers batting - Pitching for Gresham Gold Souls : RHP Clark Noble
Batting: RHB David Canseco 0-0: Ball
1-0: Foul Ball, location: 2F
1-1: Fly out, F7 (Flyball, 7D)
Batting: RHB Quincy Vance 0-0: Called Strike
0-1: Ground out 5-3 (Groundball, 5S)
Batting: RHB Sergio Pujols 0-0: Ball
1-0: Ball
2-0: Called Strike
2-1: Swinging Strike
2-2: Foul Ball, location: 2F
2-2: Ground out U3 (Groundball, 34)
Bottom of the 7th over - 0 run(s), 0 hit(s), 0 error(s), 0 left on base; Gresham 7 - Vancouver 2
TOP OF THE 8TH
Gresham Gold Souls batting - Pitching for Vancouver Vipers : RHP José González
Batting: RHB Elpidio Martinho 0-0: Foul Ball, location: 2F
0-1: Ball
1-1: Called Strike
1-2: Foul Ball, location: 2F
1-2: Ground out 4-3 (Groundball, 4)
Batting: RHB Brian Dixon 0-0: Ball
1-0: Called Strike
1-1: Foul Ball, location: 2F
1-2: Foul Ball, location: 2F
1-2: SINGLE (Groundball, 56D)
Batting: RHB Gustavo Pagán 0-0: Ball
1-0: Foul Ball, location: 2F
1-1: SINGLE (Groundball, 56D)
Brian Dixon to second
Batting: LHB Ezechiele Bruno 0-0: Ball
1-0: Ball
2-0: Ball
Passed Ball!
Brian Dixon to third
Gustavo Pagán to second
3-0: Called Strike
3-1: SINGLE (Flyball, 7S)
Brian Dixon scores
Gustavo Pagán to third
Batting: RHB Pablo Castillo 0-0: Called Strike
0-1: Called Strike
0-2: Foul Ball, location: 2F
0-2: Ball
1-2: 3-RUN HOME RUN (Line Drive, 7D), Distance : 392 ft
Pitching: RHP Mark Greene
Batting: RHB Peter Hensley 0-0: Swinging Strike
0-1: Foul Ball, location: 2F
0-2: Ball
1-2: Ball
2-2: Ball
3-2: Strikes out looking
Batting: RHB Mario Méndez 0-0: SINGLE (Groundball, 56D)
Batting: LHB Millard Dye 0-0: Foul Ball, location: 2F
0-1: Called Strike
0-2: Ball
1-2: Ball
2-2: Strikes out swinging
Top of the 8th over - 4 run(s), 5 hit(s), 0 error(s), 1 left on base; Gresham 11 - Vancouver 2
BOTTOM OF THE 8TH
Vancouver Vipers batting - Pitching for Gresham Gold Souls : RHP Clark Noble
Now at 3B: Willie Houk
Pinch Hitting: LHB Benny Richard 0-0: Swinging Strike
0-1: Fly out, F3 (Line Drive, 3)
Batting: RHB Marvin Workman 0-0: Called Strike
0-1: Swinging Strike
0-2: Ball
1-2: Hit by Pitch
Batting: RHB Steve Bender 0-0: Ball
1-0: Called Strike
1-1: Swinging Strike
1-2: Strikes out looking
Batting: SHB Henry Copeland 0-0: SINGLE (Groundball, 56D)
Marvin Workman to second
Batting: RHB Walton Smith 0-0: Ball
1-0: SINGLE (Groundball, 6MD)
Marvin Workman to third
Henry Copeland to second
Runner from 3rd tries for Home, SAFE, no throw
Batting: LHB Brian Ford 0-0: Ball
1-0: Fly out, F4 (Popup, 4MD)
Bottom of the 8th over - 1 run(s), 2 hit(s), 0 error(s), 2 left on base; Gresham 11 - Vancouver 3
TOP OF THE 9TH
Gresham Gold Souls batting - Pitching for Vancouver Vipers : RHP Mark Greene
Now in RF: Víctor Arredondo
Batting: RHB Matt Davidson 0-0: Swinging Strike
0-1: Ball
1-1: Foul Ball, location: 2F
1-2: Strikes out looking
Batting: RHB Elpidio Martinho 0-0: Ball
1-0: Ball
2-0: Called Strike
2-1: DOUBLE (Flyball, 8RM)
Batting: RHB Brian Dixon 0-0: Called Strike
0-1: Ball
1-1: Swinging Strike
1-2: Strikes out swinging
Batting: RHB Gustavo Pagán 0-0: Ball
1-0: Foul Ball, location: 2F
1-1: Foul Ball, location: 2F
1-2: Ball
2-2: Ball
3-2: Strikes out swinging
Top of the 9th over - 0 run(s), 1 hit(s), 0 error(s), 1 left on base; Gresham 11 - Vancouver 3
BOTTOM OF THE 9TH
Vancouver Vipers batting - Pitching for Gresham Gold Souls : RHP Clark Noble
Batting: RHB David Canseco 0-0: Ball
1-0: Called Strike
1-1: Foul Ball, location: 2F
1-2: Foul Ball, location: 2F
1-2: Ground out 4-3 (Groundball, 4MS)
Batting: RHB Quincy Vance 0-0: Ground out 4-3 (Groundball, 4)
Batting: RHB Sergio Pujols 0-0: Foul Ball, location: 2F
0-1: Ball
1-1: SINGLE (Groundball, 34D)
Batting: RHB Víctor Arredondo 0-0: Ball
1-0: Ball
2-0: Fielders Choice at 2nd, 5-4 (Groundball, 5)
Bottom of the 9th over - 0 run(s), 1 hit(s), 0 error(s), 0 left on base; Gresham 11 - Vancouver 3
Tuesday, August 8th, 2017 - OOTP Baseball 17.12 Build 75